[Event "Titled Tuesday Blitz September 27 Early 2022"]
[White "Hambleton, Aman"]
[Black "Becerra, Juan David"]
[WhiteFideId "2606577"]
[BlackFideId "4404998"]
[WhiteElo "2538"]
[BlackElo "2278"]
[Result "1-0"]
[Round "10"]
[TimeControl "180+1"]
[Date "2022.09.27"]
[WhiteClock "0:00:04"]
[BlackClock "0:00:02"]

1. Nf3 d5 2. g3 Nf6 3. Bg2 Bg4 4. O-O e6 5. c4 c6 6. Qb3 Qb6 7. d3 Be7 8. Be3 Qxb3 9. axb3 a6 10. Bd4 Nbd7 11. Bc3 O-O 12. b4 dxc4 13. dxc4 Ne4 14. Nbd2 Nxc3 15. bxc3 Bf6 16. Ne4 Be7 17. Rfd1 Bxf3 18. Rxd7 Bxe4 19. Rxe7 Bxg2 20. Kxg2 Rab8 21. Rd1 Rfe8 22. Rc7 Rec8 23. Rdd7 Rxc7 24. Rxc7 g6 25. f4 Kg7 26. Kf3 h5 27. e4 Kf6 28. e5+ Kg7 29. Ke3 b6 30. Rxc6 a5 31. Kd3 axb4 32. cxb4 Rd8+ 33. Rd6 Rb8 34. b5 Kf8 35. Kc3 Ke7 36. Kb4 Ke8 37. Kb3 Ke7 38. Rd2 Ke8 39. Rd1 Ke7 40. Ra1 Rb7 41. Kc3 Kd7 42. h3 Ke7 43. g4 hxg4 44. hxg4 Kd7 45. Rd1+ Ke7 46. Rd6 Ke8 47. Kd4 Rb8 48. Ke4 Ke7 49. Rc6 Kd7 50. f5 gxf5+ 51. gxf5 exf5+ 52. Kxf5 Rb7 53. Kf6 Kd8 54. Rd6+ Ke8 55. Kf5 Ke7 56. Ke4 Kf8 57. Kd5 Ke7 58. Kc6 Rb8 59. Kc7 Ra8 60. Kxb6 Ra1 61. c5 Re1 62. c6 Rxe5 63. Rd7+ Ke8 64. Rd1 1-0


[Site "https://www.chess.com"]

[Event "Titled Tuesday Blitz September 27 Early 2022"]
[White "Harshad S"]
[Black "Maksimenko, Viktor"]
[WhiteFideId "46616551"]
[BlackFideId "13710478"]
[WhiteElo "2046"]
[BlackElo "2269"]
[Result "0-1"]
[Round "10"]
[TimeControl "180+1"]
[Date "2022.09.27"]
[WhiteClock "0:00:06"]
[BlackClock "0:00:17"]

1. e4 e5 2. Bc4 Nf6 3. d3 Nc6 4. Nc3 Na5 5. Nge2 Bc5 6. a4 Nxc4 7. dxc4 h6 8. f3 d6 9. Qd3 Be6 10. b3 Qd7 11. Be3 O-O-O 12. O-O g5 13. Kh1 Nh5 14. Bxc5 dxc5 15. Qe3 Qe7 16. Nd5 Qf8 17. Ng3 Nf4 18. Rfd1 h5 19. Nc3 Rd4 20. Nb5 g4 21. Nxd4 cxd4 22. Rxd4 Nxg2 23. Kxg2 exd4 24. Qxd4 h4 25. Nf5 Rg8 26. f4 Bxf5 27. exf5 Qe7 28. Qxa7 Qe4+ 29. Kg1 h3 30. Qf2 g3 31. hxg3 h2+ 32. Qxh2 Qd4+ 33. Qf2 Qxa1+ 34. Kg2 Qc3 35. Kh3 Rd8 36. Qa7 c6 37. Qf2 Rd2 38. Qc5 Qf6 39. Kg4 Rd8 40. a5 Qd6 41. Qe3 Qd1+ 42. Kh4 Rh8+ 43. Kg5 Qd8+ 44. f6 Qg8+ 45. Kf5 Qg6+ 46. Ke5 Re8+ 47. Kd4 Rxe3 48. Kxe3 Qxg3+ 0-1


[Site "https://www.chess.com"]

[Event "Titled Tuesday Blitz September 27 Early 2022"]
[White "Hristodoulou, Panagiotis"]
[Black "Bowden, Karl"]
[WhiteFideId "4214340"]
[BlackFideId "400548"]
[WhiteElo "2172"]
[BlackElo "2488"]
[Result "1-0"]
[Round "10"]
[TimeControl "180+1"]
[Date "2022.09.27"]
[WhiteClock "0:02:26"]
[BlackClock "0:00:15"]

1. d4 Nf6 2. Nf3 g6 3. Bg5 Bg7 4. Nbd2 O-O 5. c3 d6 6. e4 h6 7. Bh4 g5 8. Bg3 Nh5 9. Bc4 e6 10. O-O Nxg3 11. hxg3 d5 12. Bd3 Nc6 13. Re1 Bd7 14. Rc1 Qf6 15. Bb1 Rfe8 16. Qc2 Rac8 17. Re2 Ne7 18. Rce1 dxe4 19. Nxe4 Qg6 20. Qb3 Qh5 21. Nc5 Bc6 22. Be4 b6 23. Nxe6 Bxe4 24. Nxg7 Kxg7 25. Rxe4 1-0


[Site "https://www.chess.com"]

[Event "Titled Tuesday Blitz September 27 Early 2022"]
[White "Ibrahimli, Murad"]
[Black "Kvon, Andrey"]
[WhiteFideId "13410229"]
[BlackFideId "14201356"]
[WhiteElo "2109"]
[BlackElo "2458"]
[Result "1-0"]
[Round "10"]
[TimeControl "180+1"]
[Date "2022.09.27"]
[WhiteClock "0:01:32"]
[BlackClock "0:00:21"]

1. e4 e5 2. Nf3 Nc6 3. Bb5 a6 4. Ba4 Nf6 5. O-O Be7 6. Re1 b5 7. Bb3 d6 8. c3 O-O 9. h3 Nb8 10. d4 Nbd7 11. Nbd2 c5 12. d5 c4 13. Bc2 Nc5 14. b4 cxb3 15. axb3 Qc7 16. Qe2 Bd7 17. b4 Nb7 18. Bb2 Rfc8 19. Bd3 Be8 20. Rec1 Qb6 21. c4 Nh5 22. Qe1 Nf4 23. Bf1 bxc4 24. Nxc4 Qd8 25. Qe3 Bb5 26. Nb6 Rxc1 27. Rxc1 Rb8 28. Bxb5 axb5 29. Rc6 h6 30. h4 Bxh4 31. g3 Bg5 32. gxf4 Bxf4 33. Qe2 Kh7 34. Kf1 Qf6 35. Nd7 Qd8 36. Nxb8 Qxb8 37. Qxb5 Qa7 38. Ra6 Qb8 39. Rb6 1-0


[Site "https://www.chess.com"]

[Event "Titled Tuesday Blitz September 27 Early 2022"]
[White "Ilkhomi, Jaloliddin"]
[Black "Marin Ramirez, Gerardo"]
[WhiteFideId "14700948"]
[BlackFideId "3901068"]
[WhiteElo "1440"]
[BlackElo "1920"]
[Result "1-0"]
[Round "10"]
[TimeControl "180+1"]
[Date "2022.09.27"]
[WhiteClock "0:00:42"]
[BlackClock "0:00:01"]

1. d4 d5 2. Bf4 c6 3. e3 Qb6 4. b3 Nf6 5. Nd2 Bg4 6. Be2 Bxe2 7. Nxe2 e6 8. O-O Nbd7 9. c4 c5 10. Rc1 cxd4 11. exd4 Ba3 12. Rc2 O-O 13. cxd5 Nxd5 14. Nc4 Qa6 15. Nxa3 Qxa3 16. Bc1 Qa6 17. Bd2 N7b6 18. Nf4 Rac8 19. Nxd5 Nxd5 20. Qb1 Rxc2 21. Qxc2 h6 22. Rc1 Qe2 23. f4 Rd8 24. Re1 Qg4 25. Qe4 b6 26. a4 Nf6 27. Qd3 Rc8 28. h3 Qh5 29. a5 bxa5 30. g4 Qd5 31. Re5 Qd7 32. Rxa5 Nd5 33. Rc5 Rb8 34. f5 exf5 35. Qxf5 Qxf5 36. gxf5 Nf6 37. Rc7 Rxb3 38. Rxa7 Rd3 39. Ra2 Rxd4 40. Bc3 Rd1+ 41. Kg2 Ne4 42. Rc2 1-0


[Site "https://www.chess.com"]

[Event "Titled Tuesday Blitz September 27 Early 2022"]
[White "Janaszak, Dawid"]
[Black "Estrada Nieto, Julian"]
[WhiteFideId "1119206"]
[BlackFideId "5101018"]
[WhiteElo "2165"]
[BlackElo "2252"]
[Result "1-0"]
[Round "10"]
[TimeControl "180+1"]
[Date "2022.09.27"]
[WhiteClock "0:00:25"]
[BlackClock "0:00:04"]

1. d4 d5 2. Bf4 Nf6 3. Nf3 c5 4. e3 Nc6 5. Nbd2 cxd4 6. exd4 Qb6 7. Nb3 Bf5 8. Bd3 Bxd3 9. Qxd3 e6 10. O-O Rc8 11. c3 Be7 12. Rfe1 O-O 13. Qe2 Rfe8 14. Nc1 Ne4 15. Nd3 Qa6 16. h4 Bd6 17. Bxd6 Nxd6 18. Nc5 Qxe2 19. Rxe2 b6 20. Nd3 Ne4 21. g3 h6 22. Kg2 Kf8 23. Nd2 Nxd2 24. Rxd2 Na5 25. Re1 Nc4 26. Rde2 a5 27. a4 Rc7 28. g4 Ke7 29. Kg3 Kd8 30. f4 Nd6 31. Nf2 Rc4 32. Ra1 Kd7 33. Kf3 f5 34. Nd3 Ne4 35. Ne5+ Kd6 36. Nxc4+ dxc4 37. Rxe4 fxe4+ 38. Kxe4 Rb8 39. Rg1 b5 40. axb5 Rxb5 41. Rg2 a4 42. g5 h5 43. g6 Rb3 44. Rc2 Rb5 45. Kf3 Rb3 46. f5 exf5 47. Kf4 Ke6 48. Kg5 Rb5 49. Re2+ Kd6 50. Kxh5 Rb3 51. Rc2 Kd5 52. Kg5 Ke4 53. h5 f4 54. h6 Rb5+ 55. Kg4 gxh6 56. Re2+ Kd3 57. Re5 Rb6 58. Kh5 f3 59. Rf5 Ke2 60. g7 Rb8 61. Rf8 Rxf8 62. gxf8=Q f2 63. d5 f1=Q 64. Qxf1+ Kxf1 65. d6 Ke2 66. d7 Kd3 67. d8=Q+ Kc2 68. Qa5 Kxb2 69. Qb4+ Kc2 70. Qxc4 a3 71. Kxh6 Kb2 72. Qb4+ Ka1 73. Qxa3+ 1-0


[Site "https://www.chess.com"]

[Event "Titled Tuesday Blitz September 27 Early 2022"]
[White "Jean Louis, Marckens"]
[Black "Baskakov, Egor"]
[WhiteFideId "11900270"]
[BlackFideId "24197866"]
[WhiteElo "2031"]
[BlackElo "2211"]
[Result "0-1"]
[Round "10"]
[TimeControl "180+1"]
[Date "2022.09.27"]
[WhiteClock "0:00:26"]
[BlackClock "0:02:03"]

1. d4 Nf6 2. Nf3 e6 3. c4 d5 4. Nc3 Ne4 5. Qc2 f5 6. Ne5 g6 7. cxd5 exd5 8. Bf4 c6 9. f3 Nxc3 10. bxc3 Be6 11. e4 fxe4 12. fxe4 Nd7 13. Nxd7 Qxd7 14. Bd3 Bg7 15. O-O O-O 16. Rae1 dxe4 17. Bxe4 Rae8 18. Kh1 Bc4 19. Rf3 Bd5 20. Bxd5+ Qxd5 21. Rxe8 Rxe8 22. h3 Qc4 23. Qf2 Qe2 24. Qg3 Qe1+ 25. Kh2 Qxg3+ 26. Kxg3 Re2 27. Rf2 Rxf2 28. Kxf2 b5 29. Ke3 Kf7 30. Ke4 Ke6 31. g4 a5 32. a3 a4 33. Bc1 h5 34. gxh5 gxh5 35. Bd2 Bf8 36. Bc1 Bd6 37. Bb2 Bf8 38. Bc1 Be7 39. Bb2 Bg5 40. Kd3 Kd5 41. Ba1 Bc1 42. Kc2 Bxa3 43. Kd3 Bd6 44. Bb2 a3 45. Ba1 a2 46. Kc2 Kc4 47. Kb2 Bg3 48. Kxa2 Be1 0-1


[Site "https://www.chess.com"]

[Event "Titled Tuesday Blitz September 27 Early 2022"]
[White "Jeet, Jain"]
[Black "Lahdelma, Henri"]
[WhiteFideId "5073022"]
[BlackFideId "510394"]
[WhiteElo "2055"]
[BlackElo "2210"]
[Result "0-1"]
[Round "10"]
[TimeControl "180+1"]
[Date "2022.09.27"]
[WhiteClock "0:00:30"]
[BlackClock "0:00:50"]

1. d4 d5 2. Nf3 e6 3. Bf4 Bd6 4. Bg3 Bxg3 5. hxg3 c5 6. e3 cxd4 7. exd4 Nc6 8. c3 Nf6 9. Bd3 Bd7 10. Nbd2 Qb6 11. Rb1 a5 12. O-O h6 13. Qe2 O-O 14. Ne5 Nxe5 15. dxe5 Ne8 16. g4 f6 17. exf6 Nxf6 18. g5 hxg5 19. Nf3 g4 20. Nd4 Rae8 21. Qe5 Qd8 22. g3 Qe7 23. Kg2 Qf7 24. Rh1 Ne4 25. Rbf1 Qf6 26. Qh5 e5 27. Bxe4 dxe4 28. Nc2 Qf3+ 29. Kg1 Re6 30. Ne1 Qe2 31. b3 Rh6 0-1


[Site "https://www.chess.com"]

[Event "Titled Tuesday Blitz September 27 Early 2022"]
[White "Jovic, Stanoje"]
[Black "Kuchava, Ana"]
[WhiteFideId "905020"]
[BlackFideId "13605348"]
[WhiteElo "2238"]
[BlackElo "1955"]
[Result "0-1"]
[Round "10"]
[TimeControl "180+1"]
[Date "2022.09.27"]
[WhiteClock "0:00:41"]
[BlackClock "0:00:19"]

1. c4 e6 2. g3 Nf6 3. Bg2 d5 4. Nf3 c5 5. cxd5 exd5 6. O-O d4 7. e3 d3 8. b3 Be7 9. Bb2 O-O 10. Re1 Nc6 11. a3 Qb6 12. Bf1 Be6 13. b4 cxb4 14. Bxd3 bxa3 15. Bxa3 Bxa3 16. Nxa3 Rfd8 17. Bb1 Qb2 18. d4 Kh8 19. Bd3 Nb4 20. Be2 Ne4 21. Qb1 Qxb1 22. Rexb1 a5 23. Ne5 Nc3 24. Rb2 Nxe2+ 25. Rxe2 Rac8 26. Kg2 f6 27. Nf3 h5 28. h3 b6 29. e4 Rc3 30. d5 Bxh3+ 31. Kxh3 Rxf3 32. Nc4 Nd3 33. Kg2 Rc8 34. Nxb6 Rc3 35. Kxf3 Ne1+ 36. Kf4 Rf3# 0-1


[Site "https://www.chess.com"]

[Event "Titled Tuesday Blitz September 27 Early 2022"]
[White "Jumanov, Elbek"]
[Black "Tarnowska, Aleksandra"]
[WhiteFideId "14202905"]
[BlackFideId "1180967"]
[WhiteElo "2054"]
[BlackElo "1700"]
[Result "1-0"]
[Round "10"]
[TimeControl "180+1"]
[Date "2022.09.27"]
[WhiteClock "0:00:10"]
[BlackClock "0:00:09"]

1. c4 e5 2. g3 Nc6 3. Bg2 f5 4. Nc3 Nf6 5. Rb1 Bb4 6. Qc2 Nd4 7. Qa4 O-O 8. Nf3 Nxf3+ 9. Bxf3 Bxc3 10. bxc3 e4 11. Bg2 d6 12. O-O Bd7 13. Qb3 Rb8 14. d3 Qe8 15. Bg5 Kh8 16. Qa3 a6 17. c5 d5 18. Rb4 Qh5 19. Bf4 Rfc8 20. Rfb1 Qxe2 21. Bf1 Qf3 22. c4 dxc4 23. Rxc4 Bc6 24. Bg2 Qe2 25. Rc3 Ng4 26. Qb2 Qxb2 27. Rxb2 exd3 28. Bxc6 bxc6 29. Rxb8 Rxb8 30. Rxd3 Rc8 31. Rd7 h6 32. Rf7 Nf6 33. Bxh6 gxh6 34. Rxf6 Rd8 35. Rxc6 Kg7 36. Rxc7+ Kg8 37. Rc6 Rd1+ 38. Kg2 Rc1 39. Rxh6 Rxc5 40. Rxa6 Rc2 41. Ra4 Kf7 42. h4 Kf6 43. Ra6+ Kg7 44. Ra5 Kf6 45. Ra6+ Kg7 46. Ra7+ Kf6 47. a4 Ra2 48. a5 Ke6 49. a6 Kd6 50. Ra8 Kc7 51. Rf8 Rxa6 52. Rxf5 Kd7 53. g4 Ke7 54. f3 Ra3 55. Kg3 Rb3 56. h5 Rb6 57. g5 Rb4 58. h6 Ke6 59. Rf6+ Ke7 60. h7 Rb8 61. Rh6 Kf7 62. h8=Q Rxh8 63. Rxh8 Kg7 64. Rb8 Kg6 65. Kg4 Kh7 66. Rb6 Kg7 67. Kh5 Kh7 68. Rb7+ Kh8 69. Kg6 Kg8 70. Rb8# 1-0


[Site "https://www.chess.com"]

[Event "Titled Tuesday Blitz September 27 Early 2022"]
[White "Kollars, Dmitrij"]
[Black "Pakleza, Zbigniew"]
[WhiteFideId "12909572"]
[BlackFideId "1119290"]
[WhiteElo "2584"]
[BlackElo "2411"]
[Result "0-1"]
[Round "10"]
[TimeControl "180+1"]
[Date "2022.09.27"]
[WhiteClock "0:00:09"]
[BlackClock "0:00:05"]

1. e4 d6 2. d4 Nf6 3. Nc3 c6 4. f4 Qb6 5. e5 Nd5 6. Nxd5 cxd5 7. c3 Bf5 8. Bd3 g6 9. Ne2 e6 10. O-O Nc6 11. Kh1 Be7 12. b3 O-O-O 13. Be3 Kb8 14. Qd2 Rc8 15. c4 Bxd3 16. Qxd3 Qa6 17. Rfc1 dxc4 18. Rxc4 d5 19. Rc3 Qxd3 20. Rxd3 Nb4 21. Rd2 Nc2 22. Rxc2 Rxc2 23. Ng1 Rhc8 24. Nf3 Re2 25. Bg1 h6 26. Ne1 Ba3 27. h3 Rc1 28. Rxc1 Bxc1 29. Nd3 Ba3 30. g4 Rxa2 31. f5 g5 32. b4 b6 33. h4 Rd2 34. hxg5 hxg5 35. Ne1 Bxb4 36. Nf3 Rd3 37. Nxg5 Kc7 38. Nxf7 Kd7 39. f6 Rg3 40. g5 Bd2 41. Bf2 Rg4 42. Kh2 Rxg5 43. Nxg5 Bxg5 44. Be1 a5 45. Kg3 Ke8 46. Kf3 Kf7 47. Ke2 Bh6 48. Kd3 Bf8 49. Kc2 Kg6 50. Kb3 Kf5 51. Ka4 Ke4 52. Bc3 Kd3 53. Bb2 Kc4 54. f7 Bb4 55. f8=Q b5# 0-1


[Site "https://www.chess.com"]

[Event "Titled Tuesday Blitz September 27 Early 2022"]
[White "Korelskiy, Egor"]
[Black "Khamdamova, Afruza"]
[WhiteFideId "34329064"]
[BlackFideId "14210444"]
[WhiteElo "2071"]
[BlackElo "1668"]
[Result "1/2-1/2"]
[Round "10"]
[TimeControl "180+1"]
[Date "2022.09.27"]
[WhiteClock "0:00:15"]
[BlackClock "0:00:20"]

1. e4 e5 2. Nf3 Nf6 3. Nxe5 d6 4. Nf3 Nxe4 5. Nc3 Nxc3 6. dxc3 Be7 7. Be3 Nc6 8. Qd2 Be6 9. a3 Qd7 10. O-O-O a6 11. h4 h6 12. Nd4 Nxd4 13. Bxd4 Rg8 14. Bd3 O-O-O 15. Bh7 Rh8 16. Bd3 Rhg8 17. Qe2 c5 18. Be3 d5 19. Kb1 c4 20. Bxc4 Qc6 21. Bb3 Kb8 22. Bd4 Ka8 23. Rhe1 Rc8 24. f3 Bxh4 25. Bf2 Bf6 26. Rd2 Rgd8 27. Red1 Bf5 28. g4 Be6 29. Bd4 Bg5 30. Rd3 g6 31. Be3 Bxe3 32. Qxe3 h5 33. gxh5 gxh5 34. Qg5 Rh8 35. Bxd5 Bxd5 36. Rxd5 h4 37. Qf4 Qe6 38. Rd6 Qe7 39. R6d2 h3 40. Rh2 Qe6 41. Rdh1 Rcg8 42. Qd4 Rh5 43. b3 Qf5 44. Qe3 Rg2 45. Qe8+ Ka7 46. Qe3+ Ka8 47. Qe8+ Ka7 48. Qe3+ Ka8 1/2-1/2


[Site "https://www.chess.com"]

[Event "Titled Tuesday Blitz September 27 Early 2022"]
[White "Koridze, Lile"]
[Black "Roque Sola, Gisela"]
[WhiteFideId "13612514"]
[BlackFideId "5120241"]
[WhiteElo "2050"]
[BlackElo "1845"]
[Result "0-1"]
[Round "10"]
[TimeControl "180+1"]
[Date "2022.09.27"]
[WhiteClock "0:01:04"]
[BlackClock "0:00:48"]

1. d4 Nf6 2. c4 e6 3. g3 Be7 4. Bg2 d5 5. Nf3 O-O 6. O-O dxc4 7. Ne5 Nc6 8. Nxc6 bxc6 9. Na3 Bxa3 10. bxa3 Ba6 11. Qd2 Rb8 12. Qa5 Qc8 13. a4 Rd8 14. Rd1 c3 15. Qxc3 Bxe2 16. Re1 Qa6 17. Bxc6 Bc4 18. Bg2 Qxa4 19. Bg5 Nd5 20. Qc1 Rd7 21. Rb1 Rb6 22. Rb2 f6 23. Rc2 Bxa2 24. Bxd5 Bxd5 25. Bf4 c6 26. Rb2 Rdb7 27. Rc2 Rb1 28. Qd2 Rxe1+ 0-1


[Site "https://www.chess.com"]

[Event "Titled Tuesday Blitz September 27 Early 2022"]
[White "Kosakowski, Jakub"]
[Black "Mahdavi, Reza"]
[WhiteFideId "1185080"]
[BlackFideId "12595926"]
[WhiteElo "2453"]
[BlackElo "2240"]
[Result "1-0"]
[Round "10"]
[TimeControl "180+1"]
[Date "2022.09.27"]
[WhiteClock "0:02:26"]
[BlackClock "0:02:37"]

1. d4 Nf6 2. Nf3 g6 3. Bg5 Bg7 4. e3 O-O 5. Nbd2 d5 6. c3 c5 7. Bd3 Nc6 8. O-O b6 9. Ne5 Bb7 10. f4 Nd7 11. Bh4 f6 12. Nxc6 Bxc6 13. Qe2 Qc7 14. f5 g5 15. Bg3 Qb7 16. Ba6 1-0


[Site "https://www.chess.com"]

[Event "Titled Tuesday Blitz September 27 Early 2022"]
[White "Kostiukov, Alexandr"]
[Black "Maung, Maung Kyaw Zaw Hein"]
[WhiteFideId "14108100"]
[BlackFideId "13001698"]
[WhiteElo "2202"]
[BlackElo "1785"]
[Result "1-0"]
[Round "10"]
[TimeControl "180+1"]
[Date "2022.09.27"]
[WhiteClock "0:00:14"]
[BlackClock "0:00:39"]

1. g3 d5 2. Bg2 Nf6 3. d3 c6 4. e4 dxe4 5. dxe4 Qxd1+ 6. Kxd1 Bg4+ 7. f3 Bh5 8. Be3 Nbd7 9. Nd2 e5 10. Ke2 Bc5 11. Bxc5 Nxc5 12. Nc4 Ncd7 13. h4 h6 14. g4 Bg6 15. b3 Ke7 16. Nh3 Rhd8 17. Nf2 b5 18. Na5 Rac8 19. Rhd1 Nc5 20. Nd3 Nfd7 21. Bh3 Nxd3 22. cxd3 Rc7 23. Rac1 Nb8 24. Rc5 f6 25. Rdc1 a6 26. Nxc6+ Nxc6 27. Rxc6 Rxc6 28. Rxc6 Rd6 29. Rc7+ Rd7 30. Rxd7+ Kxd7 31. g5+ Kc7 32. gxh6 gxh6 33. Ke3 h5 34. d4 Be8 35. b4 Bf7 36. a3 Kd6 37. f4 exd4+ 38. Kxd4 Kc6 39. Bc8 Kb6 40. e5 fxe5+ 41. Kxe5 1-0


[Site "https://www.chess.com"]

[Event "Titled Tuesday Blitz September 27 Early 2022"]
[White "Kovacevic, Radmila"]
[Black "Dmitrenko, Viktor"]
[WhiteFideId "933171"]
[BlackFideId "14110270"]
[WhiteElo "2208"]
[BlackElo "2235"]
[Result "0-1"]
[Round "10"]
[TimeControl "180+1"]
[Date "2022.09.27"]
[WhiteClock "0:00:18"]
[BlackClock "0:00:40"]

1. d4 Nf6 2. c4 e6 3. Nc3 Bb4 4. a3 Bxc3+ 5. bxc3 d5 6. c5 O-O 7. Bg5 b6 8. cxb6 axb6 9. e3 h6 10. Bh4 Nbd7 11. f4 Qe7 12. Qc1 Qd6 13. Nf3 Ba6 14. Ne5 Ne4 15. Bxa6 Rxa6 16. O-O Nxe5 17. fxe5 Qc6 18. Be1 f5 19. exf6 Rxf6 20. Rxf6 Nxf6 21. Rb1 Ne4 22. Rb2 Qa4 23. Ra2 Qb3 24. Qa1 b5 25. h3 c6 26. Kh2 Ra8 27. Kg1 Rf8 28. Rb2 Qc4 29. Rf2 Nxf2 30. Bxf2 Qe2 31. Qe1 Qxe1+ 32. Bxe1 Ra8 33. Kf2 Rxa3 34. Ke2 Ra2+ 35. Bd2 Kf7 36. Kd3 e5 37. g4 e4+ 38. Ke2 g5 39. Kd1 Ke6 40. Ke1 Ra1+ 41. Kf2 Rd1 42. Ke2 Rh1 43. Be1 Rxh3 44. Bf2 Rf3 45. Kf1 Kf7 46. Kg2 Kg6 47. Kg1 h5 48. gxh5+ Kxh5 49. Kg2 Kg4 50. Bg1 Rf7 51. Bf2 Ra7 52. Be1 Ra2+ 53. Kf1 Kf3 54. Kg1 g4 55. Kf1 Ra1 56. c4 bxc4 57. Kg1 Rxe1+ 58. Kh2 g3+ 59. Kh3 Rh1# 0-1


[Site "https://www.chess.com"]

[Event "Titled Tuesday Blitz September 27 Early 2022"]
[White "Koziorowicz, Michal"]
[Black "Kamsky, Gata"]
[WhiteFideId "21809194"]
[BlackFideId "2000024"]
[WhiteElo "2220"]
[BlackElo "2666"]
[Result "1/2-1/2"]
[Round "10"]
[TimeControl "180+1"]
[Date "2022.09.27"]
[WhiteClock "0:00:13"]
[BlackClock "0:00:15"]

1. e4 c5 2. Nf3 e6 3. g3 Nc6 4. Bg2 Nf6 5. Qe2 e5 6. c3 d6 7. O-O Be7 8. Rd1 Bg4 9. h3 Bxf3 10. Bxf3 O-O 11. d3 b5 12. Bg5 Nd7 13. Be3 Bg5 14. Nd2 Nb6 15. h4 Bxe3 16. fxe3 a5 17. d4 c4 18. b3 Qc7 19. bxc4 bxc4 20. Nxc4 Nxd4 21. cxd4 Qxc4 22. Rab1 Rab8 23. dxe5 dxe5 24. Rd6 Qc5 25. Rbd1 g6 26. h5 Nc4 27. R6d3 Rb2 28. Qe1 Kg7 29. Rc1 Qb5 30. Rd5 Qa4 31. Qc3 Rc8 32. Rxe5 Qb4 33. h6+ Kf8 34. Rxa5 Qxc3 35. Rxc3 Rbb8 36. Ra7 Ne5 37. Rxc8+ Rxc8 38. Bg2 Rc2 39. a4 Ng4 40. Bf3 Ne5 41. Bg2 Ng4 42. Bf3 Ne5 43. Bg2 1/2-1/2


[Site "https://www.chess.com"]

[Event "Titled Tuesday Blitz September 27 Early 2022"]
[White "Kukula, Pawel"]
[Black "Narayanan, Srinath"]
[WhiteFideId "1115081"]
[BlackFideId "5018420"]
[WhiteElo "2062"]
[BlackElo "2459"]
[Result "0-1"]
[Round "10"]
[TimeControl "180+1"]
[Date "2022.09.27"]
[WhiteClock "0:00:02"]
[BlackClock "0:01:42"]

1. c4 e5 2. Nc3 Nc6 3. g3 g6 4. Bg2 Bg7 5. Rb1 Nge7 6. b4 d6 7. b5 Nd4 8. e3 Ne6 9. Nge2 h5 10. h4 O-O 11. d3 a6 12. a4 axb5 13. axb5 c6 14. O-O d5 15. bxc6 bxc6 16. cxd5 cxd5 17. Qb3 Ra5 18. Ba3 Nc5 19. Bxc5 Rxc5 20. d4 exd4 21. exd4 Ra5 22. Nf4 Ba6 23. Rfe1 Bc4 24. Qd1 Qd7 25. Bh3 Qa7 26. Nce2 Nc6 27. Qd2 Nxd4 28. Nxd4 Bxd4 29. Red1 Bc5 30. Rb2 Ra3 31. Kh2 Rf3 32. Bg2 Rxf2 33. Qc1 Be3 34. Qc3 Bxf4 35. gxf4 Rxf4 36. Qg3 Rg4 37. Qf3 Rxh4+ 38. Bh3 Qe7 0-1


[Site "https://www.chess.com"]

[Event "Titled Tuesday Blitz September 27 Early 2022"]
[White "Lauridsen, Jesper Morch"]
[Black "Aloma Vidal, Robert"]
[WhiteFideId "1401890"]
[BlackFideId "2260409"]
[WhiteElo "2270"]
[BlackElo "2435"]
[Result "0-1"]
[Round "10"]
[TimeControl "180+1"]
[Date "2022.09.27"]
[WhiteClock "0:00:03"]
[BlackClock "0:00:39"]

1. e4 e5 2. d4 exd4 3. Qxd4 Nc6 4. Qe3 Nf6 5. Nc3 Be7 6. Bd2 d5 7. exd5 Nxd5 8. Nxd5 Qxd5 9. Nf3 O-O 10. Bd3 Bc5 11. Qg5 Re8+ 12. Kf1 Be6 13. Re1 h6 14. Qh4 Bf5 15. Bc4 Qd6 16. Bf4 Rxe1+ 17. Nxe1 Qd1 18. Qg3 Re8 19. f3 Nd4 20. Bxh6 Rxe1+ 21. Qxe1 Qxe1+ 22. Kxe1 Nxc2+ 23. Kd2 gxh6 24. g4 Bg6 25. h4 Bb4+ 26. Kc1 Ne3 27. Bb3 Bd6 28. h5 Bh7 29. Kd2 Bf4 30. Kc3 Kg7 31. Re1 c5 32. a3 b5 33. Ba2 a5 34. b4 axb4+ 35. axb4 cxb4+ 36. Kxb4 Nc2+ 0-1


[Site "https://www.chess.com"]

[Event "Titled Tuesday Blitz September 27 Early 2022"]
[White "Lazavik, Denis"]
[Black "Hansen, Eric"]
[WhiteFideId "13515110"]
[BlackFideId "2606771"]
[WhiteElo "2437"]
[BlackElo "2568"]
[Result "1-0"]
[Round "10"]
[TimeControl "180+1"]
[Date "2022.09.27"]
[WhiteClock "0:00:07"]
[BlackClock "0:00:01"]

1. d4 Nf6 2. c4 e6 3. Nf3 b6 4. g3 Bb4+ 5. Bd2 Be7 6. Bg2 c6 7. O-O O-O 8. Bc3 d5 9. Nbd2 Ba6 10. b3 Nbd7 11. Qc2 c5 12. dxc5 Nxc5 13. Rfd1 Rc8 14. Rac1 Qe8 15. Ne5 Bb7 16. Qb2 b5 17. cxd5 Bxd5 18. Bd4 a6 19. Bxd5 Nxd5 20. Bxc5 Rxc5 21. Ne4 Rxc1 22. Rxc1 f5 23. Nc5 Bf6 24. Ncd3 Qb8 25. Rc6 Re8 26. Nd7 Qb7 27. Nxf6+ Nxf6 28. Qc2 Nd5 29. Qc5 h6 30. b4 Kh7 31. Qd6 Nf6 32. Rc7 Qe4 33. Qe5 Kg8 34. Qxe4 Nxe4 35. Rc6 e5 36. f3 Nd2 37. Kf2 e4 38. Nc5 exf3 39. exf3 f4 40. gxf4 Nc4 41. Rxa6 Nb2 42. Ne4 1-0


[Site "https://www.chess.com"]

[Event "Titled Tuesday Blitz September 27 Early 2022"]
[White "Le, Tuan Minh"]
[Black "Miszler, Levente"]
[WhiteFideId "12401153"]
[BlackFideId "763276"]
[WhiteElo "2530"]
[BlackElo "1966"]
[Result "1-0"]
[Round "10"]
[TimeControl "180+1"]
[Date "2022.09.27"]
[WhiteClock "0:00:49"]
[BlackClock "0:00:17"]

1. Nf3 Nf6 2. b3 g6 3. Bb2 Bg7 4. e3 O-O 5. Be2 b6 6. O-O Bb7 7. c4 c5 8. d4 cxd4 9. Nxd4 Nc6 10. Nd2 Nxd4 11. Bxd4 d5 12. Rc1 Rc8 13. Nf3 Qd6 14. Be5 Qa3 15. Rc2 Rfd8 16. Qa1 dxc4 17. Rxc4 Rxc4 18. Bxc4 Bxf3 19. gxf3 Ne8 20. f4 e6 21. Rd1 Qe7 22. Kf1 Qh4 23. Rxd8 Qxd8 24. Kg2 Bxe5 25. Qxe5 Nf6 26. h3 Nd5 27. Bxd5 exd5 28. Kf1 Qd7 29. Kg2 Qc6 30. Kg3 Qd7 31. f5 gxf5 32. Kf4 Qe6 33. Qxf5 Qd6+ 34. Qe5 Qh6+ 35. Qg5+ Qg6 36. Qxg6+ fxg6 37. Ke5 Kg7 38. Kxd5 Kh6 39. e4 Kh5 40. e5 1-0


[Site "https://www.chess.com"]

[Event "Titled Tuesday Blitz September 27 Early 2022"]
[White "Lewtak, Damian"]
[Black "Sethuraman, S.P."]
[WhiteFideId "1141724"]
[BlackFideId "5021596"]
[WhiteElo "2329"]
[BlackElo "2425"]
[Result "1/2-1/2"]
[Round "10"]
[TimeControl "180+1"]
[Date "2022.09.27"]
[WhiteClock "0:00:03"]
[BlackClock "0:00:06"]

1. e4 c5 2. Nf3 d6 3. Bb5+ Nd7 4. O-O a6 5. Bd3 b5 6. c4 b4 7. a3 Rb8 8. axb4 Rxb4 9. Nc3 Ngf6 10. b3 e5 11. Nd5 Nxd5 12. cxd5 Be7 13. Bc4 O-O 14. d3 Rb8 15. Bd2 f5 16. exf5 Nb6 17. Ba5 Bxf5 18. Nd2 Qe8 19. Bxb6 Rxb6 20. Ne4 Qg6 21. Qe2 h5 22. Kh1 h4 23. h3 Qh6 24. Ra2 Qf4 25. Rfa1 a5 26. f3 Bxe4 27. dxe4 Qg3 28. Qe1 Qxe1+ 29. Rxe1 Bd8 30. Kg1 Rb4 31. Kf2 Bb6 32. Ke2 Rf6 33. Kd3 Rg6 34. Ree2 Rf6 35. Ra4 Rf8 36. Rea2 Rc8 37. Kc3 Rc7 38. Kd3 Kh7 39. Ke3 Kh6 40. f4 exf4+ 41. Kxf4 Rf7+ 42. Ke3 Re7 43. Rf2 Re5 44. Rf7 Rg5 45. Kf2 Rg6 46. Rf4 Rxa4 47. Rxh4+ Kg5 48. Rg4+ Kh5 49. bxa4 Rxg4 50. Be2 Kg5 51. Bxg4 Kf4 52. Bf3 c4+ 53. Ke2 c3 54. Kd3 Bd4 55. Kc2 Be5 56. Kd3 Bd4 57. Kc2 Be5 58. Kd3 Bd4 1/2-1/2


[Site "https://www.chess.com"]